Unix NetHack Version 5.0.0-0 post-release - last build Jun 10 2026 00:39:30 (3ee93aec679c4c4259841fe613dc97188e26a321,branch:main).

Game began 2026-06-10 09:00:47, ended 2026-06-10 09:26:59.

LDaviesPeters, neutral female human Archeologist

                                                                     ---------
                                                                     |.......|
                                                   ----------      ##......(.|
                                                   |...>....|      # -------|-
                           ------------           #.........|      #        #
                           |.._.......|           #|........|   ####        #
                       ####........._.|           #|[.......-#  #        ####
                      ##   |..._......|           #|........|#  #        #
                      #    ---@--------           #|........|# ##        #
            ------ ####       :                   #----------###         #
            |<...| #          ##                #####        ##        ###
            |F....##           #)                  ###   ################
           #-....|              ####                #    ######   ---|--+----
         ###------             ----.-      ###############`####   +.........|
 ------  #                     |.....#######      # #             |.........|
 |....|  #                     |....|               #             |.........|
 |{....###                     |....                #             |.........|
 |....|                        ------                             +.........|
 ------                                                           -----------

LDaviesPeters the Field Worker  St:11 Dx:13 Co:10 In:15 Wi:18 Ch:9  Neutral
Dlvl:4  $:10 HP:0(26) Pw:26(26) AC:8  Xp:4 T:2049  Satiated Strained

Latest messages:
 You lash the coyote.
 The coyote bites!
 The coyote bites!
 You kill the coyote!
 What do you want to eat? [drJO or ?*] ?
 This coyote corpse is tough.
 You stop eating the coyote corpse.
 What do you want to drop? [$a-df-hj-lrtvIJMO or ?*] O
 You drop a partly eaten coyote corpse.
 Your movements are now unencumbered.
 The hobgoblin thrusts his crude dagger.
 The hobgoblin hits!
 You kill the hobgoblin!
 You see here a crude dagger.
 You see here a partly eaten coyote corpse.
 There is a partly eaten coyote corpse here; eat it? [ynq] (n) y
 You resume your meal.
 You finish eating the coyote corpse.
 You see here a crude dagger.
 You lash the hill orc.
 You lash the hill orc.
 The hill orc hits!
 You lash the hill orc.
 The hill orc hits!
 You kill the hill orc!
 The hill orc picks up a corroded iron skull cap.
 You lash the hill orc.
 The hill orc hits!
 You lash the hill orc.
 The hill orc hits!
 You feel more confident in your weapon skills.
 You lash the hill orc.
 The hill orc hits!
 You kill the hill orc!
 You are now more skilled in whip.
 You have extreme difficulty lifting a hill orc corpse.  Continue? [ynq] (q) y
 You have extreme difficulty lifting P - a hill orc corpse.
 You can barely move a handspan with this load!
 You don't have enough stamina to move.
 You don't have enough stamina to move.
 The newt misses!
 What do you want to drop? [$a-df-hj-lrtvIJMP or ?*] b
 You drop an uncursed sack containing 9 items.
 You stagger under your load.  Movement is still very hard.
 The newt bites!
 The newt bites!
 You don't have enough stamina to move.
 The newt bites!
 You die...
 Do you want your possessions identified? [ynq] (y) q

Inventory:
 Coins    ('$')
  $ - 10 gold pieces
 Weapons  (')')
  a - a +2 bullwhip (weapon in right hand)
 Armor    ('[')
  c - an uncursed +0 fedora (being worn)
  I - an uncursed +0 pair of jumping boots (being worn)
  h - an uncursed +0 leather jacket (being worn)
 Comestibles  ('%')
  J - an uncursed slime mold
  r - an uncursed cram ration
  d - 3 uncursed food rations
  P - an uncursed hill orc corpse
 Spellbooks  ('+')
  M - an uncursed spellbook of healing
 Wands    ('/')
  j - a wand of cold (0:6)
  t - a wand of digging (0:6)
 Tools    ('(')
  k - a cursed lock pick
  l - an uncursed oil lamp
  f - a tinning kit (0:36)
 Gems/Stones  ('*')
  v - an uncursed opal
  g - an uncursed touchstone

LDaviesPeters the Archeologist's attributes:

Background:
 You were a Field Worker, a level 4 female human Archeologist.
 You were neutral, on a mission for Camaxtli
 who was opposed by Quetzalcoatl (lawful) and Huhetotl (chaotic).
 You were right-handed.
 You were in the Dungeons of Doom, on level 4.
 You entered the dungeon 2049 turns ago.
 You had 151 experience points, 9 more were needed to attain level 5.

Basics:
 You had 0 out of 26 hit points.
 You had all 26 energy points (spell power).
 Your armor class was 8.
 Your wallet contained 10 zorkmids.
 Autopickup was off.

Final Characteristics:
 Your strength was 11 (limit:18/100).
 Your dexterity was 13 (limit:18).
 Your constitution was 10 (limit:18).
 Your intelligence was 15 (limit:18).
 Your wisdom was 18 (limit:18).
 Your charisma was 9 (limit:18).

Final Status:
 You were satiated.
 You were strained; movement was very slowed.
 You were wielding a whip.
 You were skilled in whip.

Final Attributes:
 You were piously aligned.
 You had automatic searching.
 You could jump.
 You were lucky.
 You are dead.

Miscellaneous:
 You didn't encounter any bones levels.
 Total elapsed playing time was 26 minutes and 12 seconds.

Major events:
 Turn
    1: LDaviesPeters the neutral female human Archeologist entered the dungeon
  587: entered the Gnomish Mines
  666: attained the rank of Field Worker (level 3)
 2049: killed by a newt

You didn't know any spells.

Skills:
 Fighting Skills
   bare handed combat [Unskilled]
   two weapon combat  [Unskilled]
   riding             [Unskilled]
 Weapon Skills
   dagger             [Unskilled]
   knife              [Unskilled]
   pick-axe           [Basic]
   short sword        [Unskilled]
   saber              [Unskilled]
   club               [Unskilled]
   quarterstaff       [Unskilled]
   sling              [Unskilled]
   dart               [Unskilled]
   boomerang          [Unskilled]
   whip               [Skilled]
   unicorn horn       [Unskilled]
 Spellcasting Skills
   attack spells      [Unskilled]
   healing spells     [Unskilled]
   divination spells  [Unskilled]
   matter spells      [Unskilled]

Voluntary challenges:
 Character rerolling was not enabled.
 You never genocided any monsters.
 You never polymorphed an object.
 You never changed form.
 You used no wishes.
Achievements:
 You entered the Gnomish Mines.
 You attained the rank of Field Worker.
 You entered a shop.

 The Dungeons of Doom: levels 1 to 5
    Level 1:
    Level 2:
       A general store, a fountain.
       Stairs down to The Gnomish Mines.
    Level 3:
       A ring shop, a fountain.
    Level 4: <- You were here.
       Many altars, a fountain.
       Final resting place for
          you, killed by a newt.
    Level 5:
 The Gnomish Mines:
    Level 3:


Vanquished creatures:
  a shrieker
  a kitten
  2 hill orcs
  a werejackal
 an iguana
 an acid blob
  2 coyotes
  a hobbit
  a large kobold
  a hobgoblin
  2 cave spiders
  a yellow mold
  2 red molds
  a gnome
  3 jackals
  2 kobolds
  a sewer rat
  8 grid bugs
  2 bats
  4 lichens
  4 newts
42 creatures vanquished.

No species were genocided or became extinct.

Game over:
                       ----------
                      /          \
                     /    REST    \
                    /      IN      \
                   /     PEACE      \
                  /                  \
                  |  LDaviesPeters   |
                  |      10 Au       |
                  | killed by a newt |
                  |                  |
                  |                  |
                  |                  |
                  |       2026       |
                 *|     *  *  *      | *
        _________)/\\_//(\/(/\)/\//\/|_)_______

Goodbye LDaviesPeters the Archeologist...

You died in The Dungeons of Doom on dungeon level 4 with 823 points,
and 10 pieces of gold, after 2049 moves.
You were level 4 with a maximum of 26 hit points when you died.

